 Dungeon Crawl Stone Soup version 0.30-a0-737-gf23d94013f (webtiles) character file.

Game seed: 10048602475750459812

23 jimonade the Sneak (level 2, 0/22 HPs)
             Began as a Vine Stalker Brigand on Feb 2, 2023.
             Succumbed to a hobgoblin's poison
             ... on level 1 of the Dungeon.
             The game lasted 00:00:54 (343 turns).

jimonade the Sneak (Vine Stalker Brigand)            Turns: 343, Time: 00:00:55

Health: 0/22       AC:  3    Str: 13    XL:     2   Next: 95%
Magic:  3/3        EV: 11    Int: 11    God:
Gold:   38         SH:  0    Dex: 15    Spells: 1/1 levels left

rFire   . . .      SeeInvis .    a - +2 dagger
rCold   . . .      Faith    .    (no shield)
rNeg    . . .      Spirit   +    b - +0 robe
rPois   .          Reflect  .    (no helmet)
rElec   .          Harm     .    c - +0 cloak
rCorr   .          Rampage  .    (no gloves)
Will    .....                    (no boots) Stlth
                                 (no amulet)
HPRegen 0.23/turn                (no ring)
MPRegen 0.08/turn                (no ring)

@: berserking, lethally poisoned (0 -> -6), very quick
A: fangs 2, magic shield, antimagic bite, no potion heal 2
a: no special abilities


You were on level 1 of the Dungeon.
You visited 1 branch of the dungeon, and saw 1 of its levels.

You collected 38 gold pieces.

Inventory:

Hand Weapons
 a - a +2 dagger (weapon)
Missiles
 d - 9 poisoned darts (quivered)
 e - 3 curare-tipped darts
Armour
 b - a +0 robe (worn)
 c - a +0 cloak (worn)
Magical Staves
 j - a staff of poison
Scrolls
 g - 3 scrolls of immolation {unknown}
 i - a scroll of identify {unknown}
Potions
 f - a potion of berserk rage
 h - a potion of might {unknown}


   Skills:
 + Level 2.0 Fighting
 * Level 2.0 Short Blades
 + Level 1.7 Throwing
 + Level 1.0 Dodging
 + Level 5.5 Stealth


You had one spell level left.
You didn't know any spells.
Your spell library was empty.

Dungeon Overview and Level Annotations

Branches:
Dungeon (1/15)

Altars:


Innate Abilities, Weirdness & Mutations

You have extremely sharp teeth.
When hurt, damage is shared between your health and your magic reserves.
Your bite disrupts and absorbs the magic of your enemies.
Potions cannot restore your health.


Message History

The goblin hits you but does no damage.
You hit the goblin.
You kill the goblin!
A hobgoblin comes into view. It is quivering poisoned darts.
You see here a +0 dagger.
The hobgoblin shouts!
The hobgoblin throws a poisoned dart.
The poisoned dart hits you!
You are poisoned.
A dart slug comes into view.
You feel very sick.
The hobgoblin throws a poisoned dart.
The poisoned dart barely misses you.
You feel sick.
The hobgoblin throws a poisoned dart.
The poisoned dart hits you!
You are lethally poisoned!
You feel very sick. The hobgoblin barely misses you.
You are too injured to fight recklessly!
You are too injured to fight recklessly!
You are too injured to fight recklessly!
You are too injured to fight recklessly!
You barely miss the hobgoblin. You bite the hobgoblin. You drain its power.
The hobgoblin is severely wounded.
* * * LOW HITPOINT WARNING * * *
You feel very sick. The hobgoblin barely misses you.
You hit the hobgoblin.
You kill the hobgoblin!
* * * LOW HITPOINT WARNING * * *
You feel sick.
It was a potion of berserk rage.
A red film seems to cover your vision as you go berserk!
You feel yourself moving faster!
You feel mighty!
* * * LOW HITPOINT WARNING * * *
You feel sick. The dart slug closely misses you.
A dart slug comes into view.
You are too berserk!
Unknown command.
You puncture the dart slug!
You kill the dart slug!
You die...

......##
#.###.#.###.##
..⌠..##
........# .#
....##
#.###...# #
<..## #..)# ##
>.##
..###...###....
###
...........#
#.###...##.#
#......# #
....#..@#
.#.###(........
... #.#.##w####
#. #.##.# # #.
#.# # #.# ...
#..


You could see a dart slug.

Vanquished Creatures
  A dart slug (D:1)
  An endoplasm (D:1)
  2 giant cockroaches (D:1)
  2 hobgoblins (D:1)
  3 jackals (D:1)
  2 ball pythons (D:1)
  3 bats (D:1)
  2 frilled lizards (D:1)
  5 goblins (D:1)
21 creatures vanquished.

Notes
Turn   | Place    | Note
-------+----------+-------------------------------------------
     0 | D:1      | jimonade the Vine Stalker Brigand began the quest for the
                  | Orb.
     0 | D:1      | Reached XP level 1. HP: 11/11 MP: 2/2
    69 | D:1      | Reached skill level 5 in Stealth
   164 | D:1      | Reached skill level 1 in Dodging
   164 | D:1      | Reached XP level 2. HP: 15/15 MP: 3/3
   342 | D:1      | HP: 1/22 [poisoned by a hobgoblin]
   343 | D:1      | Succumbed to a hobgoblin's poison

Illustrated notes

Levels and vault maps discovered:
D:1:      dpeg_arrival_lava_temple_mockup, layout_loops_ring

Skill      XL: |  1  2 |
---------------+-------+-----
Stealth        | 5 |  5.5
Dodging        | 1 |  1.0
Short Blades   | 2 |  2.0
Fighting       | 2 |  2.0
Throwing       | |  1.7

Action                     || total
---------------------------++-------
  Melee: Dagger            ||    60
         Bite              ||    11
         Punch             ||     3
    Use: Potion            ||     1
   Stab: Sleeping          ||     3
 Armour: Robe              ||    19
  Dodge: Dodged            ||    45

Table legend: (Time is in decaauts)
 A = Elapsed time spent in this place.
 B = Non-inter-level travel time spent in this place.
 C = Inter-level travel time spent in this place.
 D = Time resting spent in this place.
 E = Time spent auto-exploring this place.
 F = Levels seen in this place.
 G = Mean time per level.
                   A        B        C        D        E       F      G
               +--------+--------+--------+--------+--------+-----+--------+
         Total |    337 |    337 |      0 |      0 |    195 |   1 |  337.0 |
       Dungeon |    337 |    337 |      0 |      0 |    195 |   1 |  337.0 |
               +--------+--------+--------+--------+--------+-----+--------+

Top non-repeatable levels by time:
     D:1: 337 daAuts
